 Dungeon Crawl Stone Soup version 0.31-a0-851-g7ff8af7976 (webtiles) character file.

Game seed: 11299496965880295447

11 Pixllover the Chopper (level 2, -1/27 HPs)
             Began as a Hill Orc Monk on Oct 5, 2023.
             Shot with a sling bullet by a goblin (2 damage)
             ... on level 2 of the Dungeon.
             The game lasted 00:02:43 (961 turns).

Pixllover the Chopper (Hill Orc Monk)                Turns: 961, Time: 00:02:45

Health: -1/27      AC:  8    Str: 13    XL:     2   Next: 25%
Magic:  2/2        EV:  7    Int: 10    God:
Gold:   63         SH:  0    Dex: 13    Spells: 1/1 levels left

rFire   . . .        a - +0 hand axe
rCold   . . .        d - orb {light}
rNeg    . . .        f - +0 chain mail
rPois   .            (no helmet)
rElec   .            (no cloak)
rCorr   .            (no gloves)
SInv    .            (no boots)
Will    .....        (no amulet) Stlth
                     (no ring)
HPRegen 0.24/turn    (no ring)
MPRegen 0.08/turn

%: no passive effects
@: glowing
A: no striking features
a: no special abilities


You were on level 2 of the Dungeon.
You visited 1 branch of the dungeon, and saw 2 of its levels.

You collected 63 gold pieces.

Inventory:

Hand Weapons
 a - a +0 hand axe (weapon)
Armour
 d - an orb of light (worn)
 f - a +0 chain mail (worn)
Wands
 k - a wand of polymorph (9)
Scrolls
 b - a scroll of noise {unknown}
 e - a scroll of amnesia {unknown}
 g - a scroll of blinking {unknown}
 j - a scroll of vulnerability {unknown}
Potions
 c - a potion of ambrosia
 h - a potion of brilliance {unknown}
 i - a potion of resistance {unknown}


   Skills:
 + Level 3.8 Fighting
 + Level 4.5 Axes
 + Level 2.5 Dodging
 + Level 0.1 Stealth


You had one spell level left.
You didn't know any spells.
Your spell library contained the following spells:

 Spells                   Type           Power      Damage    Failure   Level
 Slow                     Hex            0%         N/A       100%        1
 Confusing Touch          Hex            0%         N/A       100%        3
 Sigil of Binding         Hex            0%         N/A       100%        3
 Vampiric Draining        Necr           0%         2d6       100%        3


Dungeon Overview and Level Annotations

Branches:
Dungeon (2/15)

Altars:

Shops:
D:1 ?

Annotations:
D:2 Sigmund


Message History

The goblin shoots a sling bullet.
The sling bullet hits you but does no damage.
You hit Sigmund.
Sigmund is moderately wounded.
Sigmund smiles chillingly.
Sigmund hits you but does no damage.
The goblin shoots a sling bullet.
The sling bullet hits you.
You hit Sigmund.
Sigmund is moderately wounded.
The goblin shoots a sling bullet.
The sling bullet barely misses you. Sigmund hits you but does no damage.
You hit Sigmund.
Sigmund is heavily wounded.
The goblin shoots a sling bullet.
The sling bullet hits you.
You hit Sigmund.
Sigmund is severely wounded.
Sigmund hits you but does no damage.
The goblin shoots a sling bullet.
The sling bullet hits you.
You barely miss Sigmund.
Sigmund is severely wounded.
The goblin shoots a sling bullet.
The sling bullet hits you but does no damage.
Sigmund barely misses you.
You hit Sigmund but do no damage.
Sigmund is severely wounded.
The goblin shoots a sling bullet.
The sling bullet hits you. Sigmund hits you with a +0 scythe!
* * * LOW HITPOINT WARNING * * *
Unknown command.
You hit Sigmund.
Sigmund is almost dead.
The goblin shoots a sling bullet.
The sling bullet hits you but does no damage.
You hit Sigmund.
Sigmund is almost dead.
Sigmund gestures at you while chanting. The magic dart hits you.
* * * LOW HITPOINT WARNING * * *
The goblin shoots a sling bullet.
The sling bullet hits you.
You die...

...............#.###......
.....#...#####.#.# #...###
... #.#.....#.#.# ##### .
#.##..#.#.#.# #.....#
#.#.# #..##.# .# #..##.#
#.# #.....#.#.#.#
#>.@@........
...........###.#
......###### ##..g. #...
#... ###


You could see Sigmund (invisible) and a goblin.

Vanquished Creatures
  3 endoplasms
  2 giant cockroaches
  A ball python (D:1)
  2 bats
  A frilled lizard (D:2)
  A rat (D:1)
10 creatures vanquished.

Notes
Turn   | Place    | Note
-------+----------+-------------------------------------------
     0 | D:1      | Pixllover the Hill Orc Monk began the quest for the Orb.
     0 | D:1      | Reached XP level 1. HP: 19/19 MP: 1/1
    27 | D:1      | Found Diemm's Magic Scroll Shoppe.
   812 | D:2      | Reached XP level 2. HP: 27/27 MP: 2/2
   944 | D:2      | Noticed Sigmund
   961 | D:2      | HP: 1/27 [Sigmund/magic dart (4)]
   961 | D:2      | Shot with a sling bullet by a goblin

Illustrated notes

Levels and vault maps discovered:
D:1:      saegor_arrival_simple_a, layout_loops_ring, serial_shops, shop
D:2:      minmay_spotlight, layout_basic, hellmonk_ecumenical_altar_dog_temple,
          nicolae_concentric_dashed_squares_wild, uniq_sigmund, uniq_jessica

Action                     || total
---------------------------++-------
  Melee: Hand axe          ||    38
 Armour: Chain mail        ||    36
         Robe              ||     4
  Dodge: Dodged            ||    17

Table legend: (Time is in decaauts)
 A = Elapsed time spent in this place.
 B = Non-inter-level travel time spent in this place.
 C = Inter-level travel time spent in this place.
 D = Time resting spent in this place.
 E = Time spent auto-exploring this place.
 F = Levels seen in this place.
 G = Mean time per level.
                   A        B        C        D        E       F      G
               +--------+--------+--------+--------+--------+-----+--------+
         Total |    964 |    935 |     29 |      0 |    648 |   2 |  482.0 |
       Dungeon |    964 |    935 |     29 |      0 |    648 |   2 |  482.0 |
               +--------+--------+--------+--------+--------+-----+--------+

Top non-repeatable levels by time:
     D:1: 679 daAuts
     D:2: 285 daAuts
